AoeStats
← unhappy

Black Forest

510126010Analyzed
4v4 RM · 3d ago on Sep 29, 2026· 60m 39s· 8 players
Game mode
Random Map
Map size
Large (8 player)
Population
200
Speed
Normal
Resources
Standard
Victory
Conquest
Starting age
Dark Age
Ending age
Imperial Age
RankedLock teamsTeams togetherTeam positionsShared explorationLock speedFull tech treeHidden civsTurbo modeCheats
Victory
Defeat
🇦🇷 Saracens · Argentina
1563
+14
🇮🇳 Bulgarians · India
1551
+14
🇭🇰 Turks · Hong Kong SAR China
1471
+18
🇺🇸 Japanese · United States
1465
+18
🇨🇳 Berbers · China
1556
-18
🇨🇳 Jurchens · China
1525
-17
🇨🇳 Danes · China
1500
-15
🇨🇳 Britons · China
1465
-14
养几亿
0:40 Loom
9:21 Feudal Age
9:29 Man-at-Arms
11:58 Double-Bit Axe
17:10 Town Watch
20:20 Castle Age
18:35 Fletching
20:23 Crossbowman
21:05 Bodkin Arrow
23:47 Gold Mining
27:53 Bow Saw
31:04 Imperial Age
29:16 Padded Archer Armor
31:07 Ballistics
31:49 Bracer
33:43 Chemistry
32:07 Arbalester
39:12 Wheelbarrow
38:30 Horse Collar
40:45 Leather Archer Armor
47:20 Yeomen
47:54 Ring Archer Armor
50:05 Conscription
50:46 Caravan
50:57 Guilds
51:50 Two-Man Saw
50:50 Heavy Plow
50:59 Elite Longbowman
52:35 Gold Shaft Mining
51:50 Stone Mining
53:15 Siege Engineers
53:17 Pikeman
54:37 Scale Mail Armor
54:11 Halberdier
55:28 Squires
55:50 Chain Mail Armor
57:25 Plate Mail Armor
57:39 Forging
luoul
0:40 Loom
11:20 Feudal Age
12:03 Double-Bit Axe
15:05 Castle Age
19:36 Gold Mining
19:57 Bow Saw
21:12 Horse Collar
25:17 Wheelbarrow
26:13 Heavy Plow
29:51 Hand Cart
29:59 Town Watch
31:51 Town Watch
35:16 Imperial Age
34:56 Ballistics
36:15 Gold Shaft Mining
35:30 Stone Mining
35:22 Onager
37:09 Chemistry
36:56 Siege Engineers
37:39 Siege Onager
42:59 Northmen's Fury
49:32 Caravan
52:16 Stone Shaft Mining
52:30 Masonry
Zilove_
11:01 Feudal Age
14:38 Castle Age
12:59 Double-Bit Axe
16:30 Wheelbarrow
18:29 Bow Saw
20:17 Town Watch
23:24 Gold Mining
24:27 Fishing Lines
25:53 Gillnets
26:04 Loom
26:13 Horse Collar
28:12 Hand Cart
29:36 Heavy Plow
31:20 Fortified Bastions
33:59 Imperial Age
33:06 Gold Shaft Mining
33:10 Scale Barding Armor
33:15 Forging
34:27 Chain Barding Armor
34:06 Elite Steppe Lancer
34:47 Husbandry
35:30 Iron Casting
35:36 Bloodlines
37:42 Plate Barding Armor
38:07 Blast Furnace
37:16 Padded Archer Armor
38:33 Two-Man Saw
40:25 Chemistry
39:31 Siege Engineers
42:46 Blast Furnace
45:10 Caravan
49:03 Light Cavalry
50:22 Hussar
unhappy
11:04 Feudal Age
11:54 Double-Bit Axe
15:26 Castle Age
14:39 Fishing Lines
16:50 Bow Saw
19:03 Wheelbarrow
18:56 Horse Collar
19:42 Gillnets
21:44 Gold Mining
24:50 Hand Cart
28:00 Imperial Age
26:23 Gold Shaft Mining
26:01 Fletching
26:20 Stone Mining
26:37 Bodkin Arrow
26:43 Padded Archer Armor
26:55 Kasbah
26:45 Treadmill Crane
27:55 Ballistics
28:59 Leather Archer Armor
28:47 Bracer
29:02 Leather Archer Armor
29:49 Chemistry
29:13 Conscription
29:15 Town Watch
30:06 Guilds
29:38 Elite Camel Archer
31:40 Ring Archer Armor
31:12 Maghrebi Camels
32:49 Loom
33:21 Thumb Ring
33:17 Husbandry
33:28 Bloodlines
33:24 Husbandry
34:39 Scale Barding Armor
34:44 Forging
35:19 Siege Engineers
35:29 Town Patrol
35:58 Heavy Plow
36:11 Light Cavalry
37:44 Chain Barding Armor
38:00 Iron Casting
38:16 Caravan
39:12 Plate Barding Armor
38:28 Hussar
39:42 Masonry
40:52 Blast Furnace
41:37 Heavy Camel Rider
43:56 Murder Holes
44:41 Hoardings
50:57 Coinage
52:16 Crop Rotation
51:39 Arrowslits
51:44 Guard Tower
51:16 Capped Ram
54:28 Cavalier
MrDude
0:48 Loom
10:47 Feudal Age
10:49 Man-at-Arms
13:50 Fletching
17:39 Arson
18:45 Double-Bit Axe
18:43 Horse Collar
23:44 Castle Age
23:22 Scale Mail Armor
24:01 Long Swordsman
25:39 Gambesons
26:15 Bow Saw
26:47 Wheelbarrow
29:12 Bodkin Arrow
28:40 Crossbowman
31:44 Hand Cart
36:51 Imperial Age
35:06 Gold Mining
36:38 Heavy Plow
37:59 Conscription
37:42 Arbalester
38:30 Bracer
38:58 Thumb Ring
39:46 Padded Archer Armor
40:49 Chemistry
41:38 Gold Shaft Mining
41:39 Leather Archer Armor
40:48 Elite Skirmisher
42:38 Ring Archer Armor
44:02 Kataparuto
44:20 Elite Samurai
45:31 Chain Mail Armor
45:27 Forging
46:31 Plate Mail Armor
47:22 Iron Casting
49:11 Yasama
49:05 Guard Tower
49:36 Ballistics
50:32 Squires
51:39 Blast Furnace
57:25 Hoardings
57:29 Keep
56:40 Arrowslits
56:36 Treadmill Crane
57:07 Masonry
60:40 Siege Engineers
Issue
5:14 Loom
10:00 Feudal Age
10:39 Double-Bit Axe
11:36 Horse Collar
15:44 Fletching
19:56 Castle Age
21:06 Bow Saw
20:57 Heavy Plow
24:57 Wheelbarrow
26:53 Imperial Age
27:33 Bodkin Arrow
31:52 Coinage
31:09 Town Watch
33:14 Scale Mail Armor
33:25 Forging
33:26 Pikeman
33:52 Gambesons
34:07 Squires
33:53 Arson
34:24 Chain Mail Armor
34:44 Iron Casting
35:31 Plate Mail Armor
34:26 Halberdier
35:27 Gold Mining
35:27 Stone Mining
37:00 Blast Furnace
36:51 Conscription
37:16 Bracer
38:04 Onager
40:47 Siege Engineers
41:03 Ballistics
41:50 Scale Barding Armor
44:49 Chain Barding Armor
44:41 Bloodlines
44:32 Husbandry
43:53 Light Cavalry
44:33 Stirrups
45:38 Hussar
51:43 Plate Barding Armor
53:01 Crop Rotation
54:36 Banking
55:15 Caravan
57:59 Siege Onager
59:41 Chemistry
60:29 Caravan
Suricata Tactica
10:54 Feudal Age
15:13 Castle Age
13:00 Double-Bit Axe
13:34 Horse Collar
14:12 Fishing Lines
16:25 Bow Saw
17:58 Wheelbarrow
18:57 Gillnets
19:29 Loom
20:52 Gold Mining
22:29 Town Watch
25:13 Hand Cart
26:19 Gold Shaft Mining
28:40 Imperial Age
27:24 Scale Barding Armor
27:29 Forging
28:08 Chain Barding Armor
27:43 Stone Mining
28:33 Bloodlines
28:24 Husbandry
29:28 Iron Casting
29:00 Elite Mameluke
29:20 Capped Ram
31:02 Chemistry
30:41 Plate Barding Armor
31:06 Blast Furnace
30:36 Conscription
30:08 Elite Mameluke
31:26 Heavy Plow
32:50 Siege Engineers
34:06 Light Cavalry
34:59 Guard Tower
35:03 Fletching
34:53 Hussar
37:04 Bodkin Arrow
38:10 Two-Man Saw
38:08 Ballistics
38:15 Caravan
38:45 Coinage
38:58 Heavy Camel Rider
39:45 Guard Tower
39:41 Arrowslits
41:52 Keep
41:19 Bracer
41:20 Padded Archer Armor
43:00 Leather Archer Armor
42:07 Elite Skirmisher
42:52 Thumb Ring
43:13 Parthian Tactics
大庆Song
0:31 Loom
12:21 Feudal Age
19:55 Wheelbarrow
25:14 Castle Age
23:28 Stone Mining
23:24 Double-Bit Axe
23:20 Horse Collar
24:13 Fletching
29:53 Padded Archer Armor
30:12 Bodkin Arrow
32:55 Bow Saw
32:47 Heavy Plow
45:42 Imperial Age
43:26 Bow Saw
44:23 Scale Barding Armor
45:19 Bloodlines
45:10 Husbandry
46:10 Hand Cart
47:35 Chain Barding Armor
47:51 Caravan
48:08 Husbandry
49:30 Plate Barding Armor
49:06 Forging
51:16 Iron Casting
51:34 Leather Archer Armor
53:27 Blast Furnace
56:48 Ballistics
56:52 Bombard Tower
57:33 Ring Archer Armor
58:52 Two-Man Saw
58:45 Thumb Ring
59:55 Town Watch
Connection lost

Rejoining the realm…

Still unreachable

The connection could not be restored.

Session expired

The server has moved on; the page needs a fresh start.